 Dungeon Crawl Stone Soup version 0.31.0-11-ge490571c62 (webtiles) character file.

Game seed: 12838938126464265278

87 qw the Shooter (level 4, 0/25 HPs)
             Began as a Deep Elf Hunter on Feb 5, 2024.
             Frozen to death by an endoplasm (5 damage)
             ... on level 3 of the Dungeon.
             The game lasted 00:00:45 (2204 turns).

qw the Shooter (Deep Elf Hunter)                    Turns: 2204, Time: 00:00:46

Health: 0/25       AC:  8    Str: 10    XL:     4   Next: 28%
Magic:  6/6        EV: 11    Int: 14    God:
Gold:   100        SH:  0    Dex: 18    Spells: 3/3 levels left

rFire   . . .        a - +1 shortbow
rCold   . . .        (shield currently unavailable)
rNeg    . . .        k - +0 ring mail
rPois   .            f - +0 helmet
rElec   .            (no cloak)
rCorr   .            (no gloves)
SInv    .            (no boots)
Will    +....        i - amulet of faith
Stlth   +            b - ring of willpower
HPRegen 1.04/turn    (no ring)
MPRegen 0.10/turn

%: faith
@: no status effects
A: iridescent scales 1, high MP 1, regeneration 1
a: no special abilities


You were on level 3 of the Dungeon.
You visited 1 branch of the dungeon, and saw 4 of its levels.

You collected 100 gold pieces.


Innate Abilities, Weirdness & Mutations

You are partially covered in iridescent scales. (AC +2)
You have an increased reservoir of magic. (+10% MP)
Your natural rate of healing is unusually fast.


   Skills:
 - Level 1.5 Fighting
 + Level 7.7 Ranged Weapons
 - Level 2.4 Dodging
 - Level 1.2 Stealth


You had 3 spell levels left.
You didn't know any spells.
Your spell library was empty.

Inventory:

Hand Weapons
 a - a +1 shortbow (weapon)
Armour
 f - a +0 helmet (worn)
 k - a +0 ring mail (worn)
Jewellery
 b - a ring of willpower (left hand)
 i - an amulet of faith (around neck)
Potions
 d - a potion of might
 g - a potion of magic {unknown}
 h - a potion of lignification {unknown}
 j - a potion of mutation
 l - a potion of haste {unknown}
 m - a potion of curing {unknown}
 o - a potion of heal wounds {unknown}
 q - a potion of enlightenment {unknown}

Dungeon Overview and Level Annotations

Branches:
Dungeon (4/15)
 Temple: D:4-7

Altars:
Uskayaw


Message History

The endoplasm freezes you.
You are frozen.
The ogre hits you with a +0 giant club! The goblin hits you but does no damage.
The endoplasm freezes you.
You are frozen.
You shoot an arrow. The arrow hits the ogre.
The ogre is moderately wounded.
The goblin closely misses you. The ogre closely misses you.
The endoplasm closely misses you.
You shoot an arrow. The arrow hits the ogre.
The ogre is moderately wounded.
The goblin hits you but does no damage.
The endoplasm hits you but does no damage.
The ogre completely misses you.
You shoot an arrow. The arrow barely misses the ogre.
The goblin hits you but does no damage. The endoplasm freezes you.
You are frozen.
You shoot an arrow. The arrow hits the ogre.
The ogre is heavily wounded.
The goblin hits you but does no damage. The ogre closely misses you.
The endoplasm barely misses you.
You shoot an arrow. The arrow barely misses the ogre.
The goblin barely misses you.
The endoplasm hits you but does no damage.
The ogre barely misses you. The goblin misses you. The endoplasm freezes you.
You are frozen.
You shoot an arrow. The arrow hits the ogre.
The ogre is heavily wounded.
The goblin barely misses you. The ogre hits you with a +0 giant club!
The endoplasm hits you but does no damage.
You shoot an arrow. The arrow barely misses the ogre.
The goblin hits you but does no damage. The endoplasm barely misses you.
You shoot an arrow. The arrow hits the ogre.
The ogre is heavily wounded.
The ogre misses you. The goblin closely misses you. The endoplasm freezes you.
You are frozen.
You die...

#.#######.###.#....###.## #
#..........##.#...## ##.## #
#########........## ##.#####
####........# #......
#.....).?...## ##.#####
#########.##.###.###.##
##.##
..........##.###.####.###.##
############...gO[.......##
.....# #####@####.####
####.# #J# #.#### ## .....#
#.# #....#######. ###### #.#
#..#......... # #.#
#....###.#### # #.# ###.##
#.# # #########.# #.# #.# #
##.........# #.# #.# #
#####...######## #.# #.#


You could see an ogre, an endoplasm and a goblin.

Vanquished Creatures
  A bombardier beetle (D:3)
  4 dart slugs
  2 ribbon worms (D:2)
  4 orcs (D:3)
  4 endoplasms
  6 goblins
  3 hobgoblins
  3 kobolds (D:3)
  A quokka (D:3)
  A ball python (D:1)
  8 bats
  A frilled lizard (D:1)
  4 rats
42 creatures vanquished.

Notes
Turn   | Place    | Note
-------+----------+-------------------------------------------
     0 | D:1      | qw the Deep Elf Hunter began the quest for the Orb.
     0 | D:1      | Reached XP level 1. HP: 12/12 MP: 3/3
     0 | D:1      | 0 ||| qw: Version: 0.3-a-160-g6735b56
     0 | D:1      | 0 ||| qw: Game counter: 6501
     0 | D:1      | 0 ||| qw: Melee chars always use a shield: true
     0 | D:1      | 0 ||| qw: God list: Okawaru
     0 | D:1      | 0 ||| qw: Allow faded altars: false
     0 | D:1      | 0 ||| qw: Do Orc after clearing Dungeon:15 true
     0 | D:1      | 0 ||| qw: Do second Lair branch before Depths: true
     0 | D:1      | 0 ||| qw: Lair rune preference: random
     0 | D:1      | 0 ||| qw: Goals: Normal
     0 | D:1      | 0 ||| PLANNING D:1-11
   117 | D:1      | HP: 3/12 [frozen (4)]
   258 | D:1      | Reached XP level 2. HP: 16/16 MP: 4/4
   260 | D:1      | Reached skill level 6 in Ranged Weapons
   281 | D:1      | 281 ||| UPGRADING to +0 helmet.
   286 | D:1      | 286 ||| READING scroll labelled OSHARO ZYLE.
   286 | D:1      | 286 ||| ENCHANTING +0 shortbow.
   531 | D:1      | You fall into a shaft and drop 1 floor!
   640 | D:2      | 640 ||| UPGRADING to amulet of faith.
   645 | D:2      | 645 ||| READING scroll labelled XAHOBL LETIESM.
   646 | D:2      | 646 ||| DROPPING scroll of butterflies.
   869 | D:1      | 869 ||| UPGRADING to ring of willpower.
  1101 | D:2      | Found a hide-covered altar of Uskayaw.
  1135 | D:2      | Reached XP level 3. HP: 20/20 MP: 5/5
  1348 | D:2      | 1348 ||| READING scroll labelled NOTIOM HOSUVEU.
  1349 | D:2      | 1349 ||| DRINKING 2 viscous red potions.
  1476 | D:3      | Reached skill level 7 in Ranged Weapons
  1476 | D:3      | Reached XP level 4. HP: 25/25 MP: 6/6
  1941 | D:3      | 1941 ||| FLEEEEING.
  1942 | D:3      | 1942 ||| FLEEEEING.
  1943 | D:3      | 1943 ||| FLEEEEING.
  1944 | D:3      | 1944 ||| FLEEEEING.
  1947 | D:3      | 1947 ||| FLEEEEING.
  1948 | D:3      | 1948 ||| FLEEEEING.
  1949 | D:3      | 1949 ||| FLEEEEING.
  1950 | D:3      | 1950 ||| FLEEEEING.
  1951 | D:3      | 1951 ||| FLEEEEING.
  2050 | D:3      | 2050 ||| UPGRADING to +0 ring mail.
  2060 | D:3      | 2060 ||| DROPPING +0 leather armour.
  2061 | D:3      | 2061 ||| READING scroll labelled YBO VOFIJICZE.
  2061 | D:3      | 2061 ||| IDENTIFYING brown potion
  2062 | D:3      | 2062 ||| READING scroll labelled HEPHUP TUROC.
  2163 | D:3      | 2163 ||| DRINKING 2 smoky silvery potions.
  2163 | D:3      | Gained mutation: You have an increased reservoir of magic.
                  | (+10% MP) [potion of mutation]
  2163 | D:3      | Gained mutation: Your natural rate of healing is unusually
                  | fast. [potion of mutation]
  2163 | D:3      | Gained mutation: You are partially covered in iridescent
                  | scales. (AC +2) [potion of mutation]
  2164 | D:3      | 2164 ||| DROPPING potion of attraction.
  2186 | D:4      | Noticed an ogre
  2189 | D:4      | 2189 ||| STAIRDANCE
  2194 | D:4      | 2194 ||| STAIRDANCE
  2202 | D:3      | HP: 3/25 [ogre/+0 giant club (10)]
  2204 | D:3      | Frozen to death by an endoplasm

Levels and vault maps discovered:
D:1:      denvon_arrival_waterhouse, layout_basic, kennysheep_decorative_pillar
D:2:      layout_loops_ring, basic_altar
D:3:      layout_loops_ring
D:4:      layout_rooms, gammafunk_ghost_smash, serial_shops,
          nicolae_shop_tiny_glass, st_stairs_8, uniq_edmund, uniq_grinder

Skill      XL: |  1  2  3 |
---------------+----------+-----
Ranged Weapons | 6 7 |  7.7
Fighting       | |  1.5
Dodging        | |  2.4
Stealth        | |  1.2

Action                     |  1- 3 |  4- 6 || total
---------------------------+-------+-------++-------
   Fire: Shortbow          |    81 |    46 ||   127
    Use: Scroll            |     3 |     2 ||     5
         Potion            |     1 |     1 ||     2
 Armour: Leather armour    |     9 |     6 ||    15
         Ring mail         |       |    11 ||    11
  Dodge: Dodged            |     9 |    29 ||    38

Table legend:
 A = Non-vault XP
 B = Vault XP
 C = Vault XP percentage of total XP
 D = Non-vault monster count
 E = Vault monster count
 F = Vault count percentage of total count
                 A         B        C        D         E       F
            +---------+---------+-------+---------+---------+-------
      Total |     125 |       0 |   0.0 |      42 |       0 |   0.0
            +---------+---------+-------+---------+---------+-------
        D:1 |      25 |       0 |   0.0 |      16 |       0 |   0.0
        D:2 |      17 |       0 |   0.0 |       7 |       0 |   0.0
        D:3 |      83 |       0 |   0.0 |      19 |       0 |   0.0
            +---------+---------+-------+---------+---------+-------
